 Dungeon Crawl Stone Soup version 0.29.1-1-gd02db6906a (webtiles) character file.

Game seed: 10847636768397258302

23 dave1331 the Trooper (level 2, 0/27 HPs)
             Began as a Draconian Berserker on Oct 2, 2022.
             Was a Follower of Trog.
             Slain by a gnoll
             ... wielding a +0 spear
              (2 damage)
             ... on level 2 of the Dungeon.
             The game lasted 00:01:38 (944 turns).

dave1331 the Trooper (Draconian Berserker)           Turns: 944, Time: 00:01:38

Health: 0/27       AC:  4    Str: 19    XL:     2   Next: 75%
Magic:  2/2        EV: 12    Int:  7    God:    Trog [*.....]
Gold:   56         SH:  0    Dex: 10    Spells: 1/1 levels left

rFire   . . .      SeeInvis .   a - +0 spear
rCold   . . .      Faith    .   (no shield)
rNeg    . . .      Spirit   .   (body armour unavailable)
rPois   .          Reflect  .   (helmet restricted)
rElec   .          Harm     .   (no cloak)
rCorr   .          Rampage  .   (no gloves)
Will    .....                   (no boots)
Stlth   +.........              (no amulet)
HPRegen 0.09/turn               (no ring)
MPRegen 0.08/turn               (no ring)

@: no status effects
A: AC +4, unfitting armour, cold-blooded
a: Renounce Religion, Berserk


You were on level 2 of the Dungeon.
You worshipped Trog.
Trog was aware of your devotion.
You visited 1 branch of the dungeon, and saw 2 of its levels.

You collected 56 gold pieces.

Inventory:

Hand Weapons
 a - a +0 spear (weapon)
Jewellery
 f - a ring of magical power
Scrolls
 b - a scroll of magic mapping {unknown}
 c - a scroll of identify {unknown}
 d - a scroll of teleportation {unknown}
 e - a scroll of immolation {unknown}
 g - 2 scrolls of blinking {unknown}
 h - 2 scrolls of fear {unknown}


   Skills:
 + Level 3.8 Fighting
 + Level 3.2 Polearms
 + Level 3.0 Dodging
 + Level 0.2 Stealth


You had one spell level left.
You didn't know any spells.
Your spell library was empty.

Dungeon Overview and Level Annotations

Branches:
Dungeon (2/15)

Altars:

Shops:
D:1 *


Innate Abilities, Weirdness & Mutations

Your plain brown scales are hard. (AC +4)
You cannot fit into any form of body armour.
You are cold-blooded and may be slowed by cold attacks.


Message History

Found 11 gold pieces.
Found a stone staircase leading up.
There is a stone staircase leading up here.
You now have 56 gold pieces (gained 11).
Found a stone staircase leading up.
A gnoll comes into view. It is wielding a +0 club.
The gnoll shouts!
You hear a shout!
A gnoll comes into view. It is wielding a +0 spear.
A gnoll comes into view. It is wielding a +0 whip of pain.
A gnoll comes into view. It is wielding a +0 whip.
The gnoll shouts!
A dart slug comes into view.
The gnoll hits you with a +0 club. The gnoll attacks as you move away!
The gnoll hits you with a +0 club.
You barely miss the gnoll. You hit the gnoll.
The gnoll is lightly wounded.
The gnoll hits you with a +0 club.
You hit the gnoll but do no damage. You tail-slap the gnoll.
The gnoll is heavily wounded.
The gnoll hits you from afar with a +0 spear.
The gnoll barely misses you.
You hit the gnoll.
The gnoll is heavily wounded.
The gnoll hits you but does no damage. The gnoll closely misses you.
The gnoll shouts!
You hit the gnoll.
The gnoll is severely wounded.
The gnoll completely misses you. The gnoll hits you with a +0 club.
* * * LOW HITPOINT WARNING * * *
You hit the gnoll.
You kill the gnoll!
Trog accepts your kill.
Your Dodging skill increases to level 3!
The gnoll hits you from afar with a +0 spear!
* * * LOW HITPOINT WARNING * * *
Things that are here:
a +0 club; a gnoll corpse The gnoll barely misses you.
The gnoll hits you from afar with a +0 spear.
You die...

#. ...... #..<....
#...... #..... ###
#.#.. ... #.gg
####.##.g############
........@)...#......#
.............#......#
#.####..#...........#
#.##...........# #.
####.....<..# ..
###......# .##
#......# .. #......#
.. #..<...#


You could see 3 gnolls.

Vanquished Creatures
  A gnoll (D:2)
  2 ball pythons (D:1)
  3 bats (D:1)
  2 endoplasms (D:1)
  A giant cockroach (D:1)
  A hobgoblin (D:1)
  A kobold (D:1)
  A rat (D:1)
12 creatures vanquished.

Notes
Turn   | Place    | Note
-------+----------+-------------------------------------------
     0 | D:1      | dave1331 the Draconian Berserker began the quest for the
                  | Orb.
     0 | D:1      | Reached XP level 1. HP: 19/19 MP: 1/1
   467 | D:1      | Reached XP level 2. HP: 26/26 MP: 2/2
   543 | D:1      | Found Suiddari's Assorted Antiques.
   943 | D:2      | HP: 1/27 [gnoll/+0 spear (7)]
   944 | D:2      | Slain by a gnoll

Illustrated notes

Levels and vault maps discovered:
D:1:      sevenhm_arrival_forest_fort_large_3, layout_basic, serial_shops, shop
D:2:      layout_rooms, kennysheep_minor_cross

Skill      XL: |  1  2 |
---------------+-------+-----
Dodging        | 3 |  3.0
Fighting       | |  3.8
Polearms       | |  3.2
Stealth        | |  0.2

Action                   || total
-------------------------++-------
Melee: Spear             ||    32
       Tailslap          ||     3
Armor: Skin              ||    11
Dodge: Dodged            ||    28
